 Dungeon Crawl Stone Soup version 0.30-a0-457-g4b7bca3bfa (webtiles) character file.

Game seed: 18134147306245347590

11790 arthad the Thaumaturge (level 11, -4/87 HPs)
             Began as a Gnoll Warper on Dec 13, 2022.
             Was an Elder of Cheibriados.
             Killed from afar by a molten gargoyle (17 damage)
             ... with a bolt of magma
             ... in a Gauntlet.
             The game lasted 00:35:23 (12193 turns).

arthad the Thaumaturge (Gnoll Warper)              Turns: 12193, Time: 00:35:23

Health: -4/87      AC: 28    Str: 30    XL:     11   Next: 83%
Magic:  0/23       EV: 15    Int: 25    God:    Cheibriados [****..]
Gold:   237        SH:  0    Dex: 24    Spells: 10/27 levels left

rFire   . . .      SeeInvis .    A - +1 spear (vamp)
rCold   . . .      Faith    .    l - orb {light}
rNeg    + + .      Spirit   +    B - +14 chain mail of Umuipn {rPois Str+3}
rPois   +          Reflect  .    G - +0 helmet
rElec   .          Harm     .    (no cloak)
rCorr   .          Rampage  .    L - +0 pair of gloves
Will    .....      NoTele   +    q - +0 pair of boots
Stlth   +.........               i - amulet of guardian spirit
HPRegen 0.34/turn                P - ring "Biex" {rN++ Dex+6}
MPRegen 0.18/turn                R - +6 ring of strength

@: glowing, studying Throwing, very slow
A: fangs 1, strong nose, distributed training, clumsy 1
a: Renounce Religion, Bend Time, Temporal Distortion, Slouch


You were in a Gauntlet.
You worshipped Cheibriados.
Cheibriados was greatly pleased with you.
You visited 2 branches of the dungeon, and saw 12 of its levels.
You also visited: Gauntlet.

You collected 545 gold pieces.
You spent 308 gold pieces at shops.

Inventory:

Hand Weapons
 A - a +1 vampiric spear (weapon)
 Q - the +5 great sword of Xasuk {vorpal, rC- rN+++ Int+5}
   (You found it on level 10 of the Dungeon)

   It inflicts extra damage upon your enemies.
   Int:       It affects your intelligence (+5).
   rC:        It makes you vulnerable to cold.
   rN:        It renders you almost immune to negative energy.
Missiles
 d - 7 boomerangs of dispersal
 j - 39 poisoned darts (quivered)
Armour
 l - an orb of light (worn)
 q - a +0 pair of boots (worn)
 B - the +14 chain mail of Umuipn (worn) {rPois Str+3}
   (You bought it in a shop on level 4 of the Dungeon)

   Str:       It affects your strength (+3).
   rPois:     It protects you from poison.
 G - a +0 helmet (worn)
 L - a +0 pair of gloves (worn)
 N - a +0 buckler
Magical Staves
 g - a staff of conjuration
Jewellery
 i - an amulet of guardian spirit (around neck)
 k - a ring of protection from cold
 C - the ring "Nad Yzaj" {Ice Contam Fly Will++ rCorr}
   (You found it on level 10 of the Dungeon)

   [ring of ice]

   It enhances your ice magic.
   rF:        It makes you vulnerable to fire.
   rC:        It protects you from cold.
   Fly:       It grants you flight.
   Contam:    It causes magical contamination when unequipped.
   rCorr:     It protects you from acid and corrosion.
   Will:      It greatly increases your willpower.
 P - the ring "Biex" (left hand) {rN++ Dex+6}
   (You found it on level 7 of the Dungeon)

   [ring of dexterity]

   Dex:       It affects your dexterity (+6).
   rN:        It greatly protects you from negative energy.
 R - a +6 ring of strength (right hand)
 Y - a +4 ring of evasion
Wands
 a - a wand of acid (1)
 y - a wand of polymorph (11)
 I - a wand of flame (31)
 S - a wand of roots (3)
Scrolls
 c - 4 scrolls of blinking
 h - 4 scrolls of vulnerability
 o - 6 scrolls of fog
 p - 8 scrolls of teleportation
 w - 3 scrolls of amnesia
 z - a scroll of magic mapping
 H - a scroll of poison
 W - 2 scrolls of fear
 X - a scroll of enchant armour
 Z - a scroll of immolation
Potions
 b - a potion of brilliance
 e - 5 potions of ambrosia
 m - a potion of attraction
 r - a potion of mutation
 u - 2 potions of haste
 E - 4 potions of invisibility
 F - 4 potions of lignification
 K - 2 potions of curing
 M - 2 potions of flight {unknown}


   Skills:
 + Level 8.4 Fighting
 + Level 6.9 Short Blades
 + Level 6.9 Long Blades
 + Level 6.9 Axes
 + Level 6.9 Maces & Flails
 + Level 8.4 Polearms
 + Level 6.9 Staves
 + Level 6.9 Ranged Weapons
 + Level 7.6 Throwing
 + Level 7.4 Armour
 + Level 8.4 Dodging
 + Level 6.9 Stealth
 + Level 6.9 Shields
 + Level 6.9 Unarmed Combat
 + Level 8.6 Spellcasting
 + Level 5.7 Conjurations
 + Level 5.7 Hexes
 + Level 5.7 Summonings
 + Level 5.7 Necromancy
 + Level 8.0 Translocations
 + Level 5.7 Transmutations
 + Level 5.7 Fire Magic
 + Level 5.7 Ice Magic
 + Level 5.7 Air Magic
 + Level 5.7 Earth Magic
 + Level 5.7 Poison Magic
 + Level 7.6 Invocations
 + Level 6.9 Evocations


You had 10 spell levels left.
You knew the following spells:

 Your Spells              Type           Power      Damage    Failure   Level
a - Blink                 Tloc           100%       N/A       1%          2
b - Lesser Beckoning      Tloc           100%       N/A       2%          3
c - Teleport Other        Tloc           50%        N/A       2%          3
d - Momentum Strike       Conj/Tloc      90%        3d10      2%          2
e - Manifold Assault      Tloc           50%        N/A       9%          4
f - Vhi's Electric Charg  Tloc/Air       90%        N/A       4%          3

Your spell library contained the following spells:

 Spells                   Type           Power      Damage    Failure   Level
 Scorch                   Fire           78%        2d9       3%          2
 Dazzling Flash           Conj/Hex       78%        N/A       7%          3
 Frozen Ramparts          Ice            78%        1d12      7%          3
 Flame Wave               Conj/Fire      39%        2d11      24%         4
 Ice Form                 Ice/Tmut       39%        N/A       24%         4
 Summon Ice Beast         Ice/Summ       39%        N/A       24%         4
 Agony                    Necr           39%        N/A       54%         5
 Lightning Bolt           Conj/Air       19%        1d34      54%         5
 Silence                  Hex/Air        19%        N/A       54%         5
 Dispersal                Tloc           25%        N/A       80%         6
 Eringya's Noxious Bog    Tmut/Pois      19%        N/A       98%         6
 Summon Cactus Giant      Summ           19%        N/A       98%         6
 Storm Form               Tmut/Air       19%        N/A       100%        7
 Disjunction              Tloc           25%        N/A       100%        8


Dungeon Overview and Level Annotations

Branches:
Dungeon (11/15)            Temple (1/1) D:6            Lair (0/5) D:10
    Orc (0/2) D:10        Gauntlet (1/1)

Altars:
Ashenzari
Cheibriados
Dithmenos
Elyvilon
Fedhas
Gozag
Hepliaklqana
Kikubaaqudgha
Makhleb
Nemelex Xobeh
Okawaru
Qazlal
Ru
Sif Muna
Trog
Uskayaw
Vehumet
Wu Jian
Xom
Yredelemnul
Zin
The Shining One

Shops:
D:4 *   D:6 ?

Annotations:
D:3 3 runed translucent doors, dr0g0th's ghost, amateur DsGl
D:4 exclusion: oklob plant
D:7 4 runed translucent doors
Temple 2 transporters Gauntlet 9 transporters, 1 runed translucent door


Innate Abilities, Weirdness & Mutations

You have very sharp teeth.
Your uncanny sense of smell can sniff out nearby items.
Your experience applies equally to all skills.
You are clumsy. (Dex -2)


Message History

The gargoyle barely misses you.
The molten gargoyle hits you but does no damage.
The molten gargoyle is no longer moving slowly.
The gargoyle hits you but does no damage.
The gargoyle hurls a stone arrow at you.
The stone arrow hits you!!
You bump into the translucent stone wall.
The molten gargoyle blasts magma at you!
The bolt of magma hits you! The gargoyle hits you with a +0 flail.
The molten gargoyle hits you with a +0 mace.
You are engulfed in flames!
* * * LOW HITPOINT WARNING * * *
The gargoyle hurls a stone arrow at you.
The stone arrow misses you. The molten gargoyle barely misses you.
The gargoyle hits you but does no damage.
The molten gargoyle blasts magma at you!
The bolt of magma hits you!!
* * * LOW HITPOINT WARNING * * *
The gargoyle barely misses you.
You feel less invigorated.
You feel less confused.
The molten gargoyle hits you but does no damage.
The gargoyle hits you with a +0 flail!
* * * LOW HITPOINT WARNING * * *
Casting: Blink (safe; 1% risk of failure)
Confirm with . or Enter, or press ? or * to list all spells.
You blink.
The gargoyle hits you but does no damage.
The gargoyle attacks as you move away! The gargoyle hits you with a +0 flail.
* * * LOW HITPOINT WARNING * * *
The molten gargoyle attacks as you move away!
The molten gargoyle barely misses you.
The molten gargoyle blasts magma at you!
The bolt of magma hits you!
* * * LOW HITPOINT WARNING * * *
The gargoyle hurls a stone arrow at you.
The stone arrow misses you.
The molten gargoyle blasts magma at you!
The bolt of magma hits you!!
You die...

##≈.#.#≈≈≈#.#.≈##
##.#.#####.#.## ##
##≈.#...©.).#..###≈##
#≈≈.#########...#≈≈≈#
##≈....#©..8#...#...#
##..8.#...©#.8.#...#
##≈....#©..8#.⌠.#.8.##.
#≈≈.#########.8.#.©....
##≈.#..@....#...#.8.##.
##.#..#.9..#...#.©.#
##≈.#.###9..#.8.#.8.##.
#≈≈.#..#©#§.#.∩.#.©....
##≈.#...###.#.8.#.8.##.
##.#....#..#...#.©.#
##≈.#.[.©.!.#...#.8.#
#≈≈.#########.8.#.©....
##≈....#©..8#.⌠.#.8.##.


You could see a molten gargoyle and a gargoyle.

Vanquished Creatures
  A catoblepas (Gauntlet)
  A two-headed ogre (D:10)
  A boulder beetle (D:11)
  A glowing orange brain (Gauntlet)
  An unseen horror (D:10)
  A komodo dragon (D:10)
  A tengu conjurer (Gauntlet)
  A queen bee (D:9)
  A troll (D:10)
  2 wyverns
  A ynoxinul (Gauntlet)
  9 yaks
  6 vampire mosquitoes
  An unseen horror simulacrum (D:8)
  3 steam dragons
  A water moccasin (D:8)
  A sky beast (D:7)
  An ice beast (D:7)
  3 orc warriors
  2 ogres
  A wolf (D:8)
  5 centaurs
  A phantom (D:6)
  A kobold brigand (D:8)
  8 scorpions
  2 bullfrogs
  A necrophage (D:5)
  A gnoll sergeant (D:10)
  9 wights
  28 killer bees
  5 howler monkeys
  3 jellies
  2 hounds
  3 gnoll boudas
  10 orc priests
  4 iron imps (Gauntlet)
  Ijyb (D:3)
  5 iguanas
  3 orc wizards
  24 gnolls
  7 adders
  A shadow imp (D:8)
  A howler monkey simulacrum (D:8)
  6 white imps (D:8)
  2 ufetubi (D:8)
  3 worms
  3 dart slugs
  39 orcs
  9 ball pythons
  8 bats
  6 endoplasms
  3 giant cockroaches
  5 goblins
  6 hobgoblins
  3 jackals (D:1)
  5 quokkas
  A frilled lizard (D:1)
  13 kobolds
  6 rats
283 creatures vanquished.

Vanquished Creatures (collateral kills)
  An iguana (D:7)
1 creature vanquished.

Vanquished Creatures (others)
  A shadow (D:9)
  A kobold brigand (D:9)
  A quokka (D:10)
  5 kobolds (D:9)
  18 plants (D:10)
26 creatures vanquished.

Grand Total: 310 creatures vanquished

Notes
Turn   | Place    | Note
-------+----------+-------------------------------------------
     0 | D:1      | arthad the Gnoll Warper began the quest for the Orb.
     0 | D:1      | Reached XP level 1. HP: 20/20 MP: 6/6
    95 | D:1      | Reached XP level 2. HP: 26/26 MP: 7/7
   354 | D:1      | Got the Tome of the Reshaped Storm
   358 | D:1      | Learned a level 2 spell: Blink
   560 | D:1      | Reached skill level 5 in Spellcasting
   560 | D:1      | Reached XP level 3. HP: 31/31 MP: 7/9
   852 | D:2      | Reached skill level 1 in Invocations
  1099 | D:2      | Reached skill level 1 in Short Blades
  1099 | D:2      | Reached skill level 1 in Long Blades
  1099 | D:2      | Reached skill level 1 in Axes
  1099 | D:2      | Reached skill level 1 in Maces & Flails
  1099 | D:2      | Reached skill level 1 in Staves
  1099 | D:2      | Reached skill level 1 in Ranged Weapons
  1099 | D:2      | Reached skill level 1 in Stealth
  1099 | D:2      | Reached skill level 1 in Shields
  1099 | D:2      | Reached skill level 1 in Unarmed Combat
  1099 | D:2      | Reached skill level 1 in Evocations
  1171 | D:2      | Reached XP level 4. HP: 19/38 MP: 11/11
  1663 | D:3      | Learned a level 3 spell: Lesser Beckoning
  1667 | D:3      | Learned a level 3 spell: Teleport Other
  1787 | D:3      | Reached skill level 1 in Conjurations
  1787 | D:3      | Reached skill level 1 in Hexes
  1787 | D:3      | Reached skill level 1 in Summonings
  1787 | D:3      | Reached skill level 1 in Necromancy
  1787 | D:3      | Reached skill level 1 in Transmutations
  1787 | D:3      | Reached skill level 1 in Fire Magic
  1787 | D:3      | Reached skill level 1 in Ice Magic
  1787 | D:3      | Reached skill level 1 in Air Magic
  1787 | D:3      | Reached skill level 1 in Earth Magic
  1787 | D:3      | Reached skill level 1 in Poison Magic
  1886 | D:3      | Noticed Ijyb
  1890 | D:3      | Reached XP level 5. HP: 29/43 MP: 2/12
  1908 | D:3      | Killed Ijyb
  2234 | D:3      | Reached XP level 6. HP: 36/50 MP: 9/13
  2275 | D:3      | Reached skill level 5 in Fighting
  2275 | D:3      | Reached skill level 5 in Polearms
  2275 | D:3      | Reached skill level 5 in Dodging
  2611 | D:3      | Found a runed translucent gate.
  2612 | D:3      | Found a runed translucent gate.
  2612 | D:3      | Found a runed translucent gate.
  2614 | D:3      | Noticed dr0g0th's ghost (amateur DsGl)
  2886 | D:4      | Noticed Pargi
  2904 | D:4      | Pargi changed into Pargi the scorpion
  2904 | D:4      | Noticed Pargi
  2910 | D:4      | Killed Pargi the scorpion
  3257 | D:4      | Reached XP level 7. HP: 25/56 MP: 3/15
  3412 | D:4      | Found Sydwag's Assorted Antiques.
  3565 | D:4      | Bought a pitted chain mail for 190 gold pieces
  3565 | D:4      | Identified the +14 chain mail of Umuipn {rPois Str+3} (You
                  | bought it in a shop on level 4 of the Dungeon)
  3565 | D:4      | Bought 3 scrolls labelled JYT MUODIVE for 60 gold pieces
  3565 | D:4      | Bought a scroll labelled OWYT ECEDAES for 20 gold pieces
  3951 | D:4      | Found a blossoming altar of Fedhas.
  3976 | D:4      | Noticed an oklob plant
  4358 | D:5      | Entered Level 5 of the Dungeon
  4509 | D:5      | Reached XP level 8. HP: 63/63 MP: 16/16
  5282 | D:5      | Found a burning altar of Makhleb.
  5282 | D:5      | Found a hide-covered altar of Uskayaw.
  5283 | D:5      | Found a sacrificial altar of Ru.
  5555 | D:4      | Bought a scroll labelled XAZOACL LILAI for 20 gold pieces
  5555 | D:4      | Bought a bubbling orange potion for 18 gold pieces
  5867 | D:6      | Found a staircase to the Ecumenical Temple.
  6938 | D:6      | Found Geboaf's Magic Scroll Shop.
  7437 | D:7      | Reached XP level 9. HP: 65/69 MP: 16/18
  7442 | D:7      | Identified the ring "Biex" {rN++ Dex+6}
  7525 | D:7      | Gained mutation: You are clumsy. (Dex -2) [potion of
                  | mutation]
  7541 | D:7      | Reached skill level 5 in Throwing
  7541 | D:7      | Reached skill level 5 in Armour
  7954 | D:7      | Found a huge runed translucent gate.
  7954 | D:7      | Found a huge runed translucent gate.
  7955 | D:7      | Found a huge runed translucent gate.
  7955 | D:7      | Noticed a manticore
  7955 | D:7      | Noticed a polar bear
  7955 | D:7      | Noticed a polar bear
  7956 | D:7      | Found a huge runed translucent gate.
  7956 | D:7      | Noticed a polar bear
  7956 | D:7      | Noticed a polar bear
  8055 | D:7      | Reached skill level 5 in Invocations
  8173 | D:7      | Noticed a hornet
  8175 | D:7      | a hornet changed into a sky beast
  8546 | D:8      | Reached skill level 5 in Short Blades
  8546 | D:8      | Reached skill level 5 in Long Blades
  8546 | D:8      | Reached skill level 5 in Axes
  8546 | D:8      | Reached skill level 5 in Maces & Flails
  8546 | D:8      | Reached skill level 5 in Staves
  8546 | D:8      | Reached skill level 5 in Ranged Weapons
  8546 | D:8      | Reached skill level 5 in Stealth
  8546 | D:8      | Reached skill level 5 in Shields
  8546 | D:8      | Reached skill level 5 in Unarmed Combat
  8546 | D:8      | Reached skill level 5 in Evocations
  8554 | D:8      | Reached XP level 10. HP: 75/77 MP: 16/20
  9528 | Temple   | Entered the Ecumenical Temple
  9528 | Temple   | Found a transporter.
  9528 | Temple   | Found a transporter.
  9530 | Temple   | Found a transporter.
  9530 | Temple   | Found a transporter.
  9555 | Temple   | Became a worshipper of Cheibriados the Contemplative
  9742 | D:9      | Identified the +9 mace of Moixopp {speed, Fragile Fly
                  | Dex+2}
  9912 | D:9      | Found a sparkling altar of Nemelex Xobeh.
  9923 | D:9      | Found a radiant altar of Vehumet.
 10142 | D:9      | Reached * piety under Cheibriados
 10250 | D:9      | Reached ** piety under Cheibriados
 10399 | D:10     | Entered Level 10 of the Dungeon
 10429 | D:10     | Noticed an unseen horror
 10439 | D:10     | Killed an unseen horror
 10440 | D:10     | Reached skill level 5 in Conjurations
 10440 | D:10     | Reached skill level 5 in Hexes
 10440 | D:10     | Reached skill level 5 in Summonings
 10440 | D:10     | Reached skill level 5 in Necromancy
 10440 | D:10     | Reached skill level 5 in Transmutations
 10440 | D:10     | Reached skill level 5 in Fire Magic
 10440 | D:10     | Reached skill level 5 in Ice Magic
 10440 | D:10     | Reached skill level 5 in Air Magic
 10440 | D:10     | Reached skill level 5 in Earth Magic
 10440 | D:10     | Reached skill level 5 in Poison Magic
 10440 | D:10     | Reached XP level 11. HP: 85/85 MP: 20/22
 10830 | D:10     | Reached *** piety under Cheibriados
 10850 | D:10     | Identified the ring "Nad Yzaj" {Ice Contam Fly Will++
                  | rCorr}
 10885 | D:10     | Found a white marble altar of Elyvilon.
 11157 | D:10     | Found a staircase to the Orcish Mines.
 11189 | D:10     | Noticed a two-headed ogre
 11207 | D:10     | Killed a two-headed ogre
 11273 | D:10     | Identified the +5 great sword of Xasuk {vorpal, rC- rN+++
                  | Int+5}
 11440 | D:10     | Found a staircase to the Lair.
 11698 | D:11     | Noticed a boulder beetle
 11731 | D:11     | Killed a boulder beetle
 11795 | D:11     | Found a gate leading to a gauntlet.
 11814 | D:11     | Learned a level 2 spell: Momentum Strike
 11819 | D:11     | Learned a level 4 spell: Manifold Assault
 11823 | D:11     | Learned a level 3 spell: Vhi's Electric Charge
 11825 | Gauntlet | Entered a Gauntlet
 11825 | Gauntlet | Found a transporter.
 11828 | Gauntlet | Found a transporter.
 11832 | Gauntlet | Found a transporter.
 11837 | Gauntlet | Found a runed translucent door.
 11837 | Gauntlet | Found a runed translucent door.
 11841 | Gauntlet | Found a transporter.
 11845 | Gauntlet | Found a transporter.
 11845 | Gauntlet | Noticed a tengu warrior
 11850 | Gauntlet | Found a transporter.
 11853 | Gauntlet | Found a transporter.
 11853 | Gauntlet | Noticed a catoblepas
 11857 | Gauntlet | Found a transporter.
 11862 | Gauntlet | Found a transporter.
 11865 | Gauntlet | Found a transporter.
 11869 | Gauntlet | Found a transporter.
 11872 | Gauntlet | Noticed a fire crab
 11874 | Gauntlet | Found a transporter.
 11877 | Gauntlet | Found a transporter.
 11934 | Gauntlet | Found a transporter.
 12099 | Gauntlet | a tengu warrior changed into a glowing orange brain
 12099 | Gauntlet | Noticed a glowing orange brain
 12131 | Gauntlet | Killed a glowing orange brain
 12179 | Gauntlet | Killed a catoblepas
 12179 | Gauntlet | Reached **** piety under Cheibriados
 12193 | Gauntlet | Killed from afar by a molten gargoyle

Illustrated notes

Levels and vault maps discovered:
D:1:      minmay_arrival_plants_in_alcoves, layout_basic
D:2:      layout_rooms, minmay_misc_feat_hallway
D:3:      kennysheep_six_static_rooms, layout_basic,
          gammafunk_ghost_nasty_kobolds, uniq_ijyb
D:4:      layout_cave_pools, tgw_fedhas, serial_shops, nicolae_diamond_shop,
          cheibrodos_sewer_entry_bend, kennysheep_small_spiral,
          hangedman_decor_slide_cut, uniq_pargi
D:5:      layout_loops_corners, gammafunk_temple_overflow_claw, serial_glass,
          glass_columns_a, glass_columns_b, minmay_strange_pillars,
          item_on_display_a
D:6:      layout_layer_cave, minmay_temple_entry_from_below_a, serial_shops,
          nicolae_shop_behind_doors, kennysheep_generic_room_3
D:7:      lemuel_bear_cage, layout_cave_pools, minmay_starry_boxes
D:8:      layout_basic, serial_ice, serial_ice_n, serial_ice_d, serial_ice_m,
          serial_ice_j, serial_ice_g, serial_ice_b, serial_ice_o
D:9:      layout_roguey [special_room_bee], nicolae_overflow_hidden_temple,
          mainiacjoe_overflow_cross_hatched, grunt_decor_one_mirror
D:10:     layout_irregular_city, elyvilon_altar_4, david_lair_shrubbed,
          hiddenorc1_lemuel, minivault_24, item_on_display_a
D:11:     layout_stronghold, gauntlet_entry_generic, uniq_erica
Temple:   hellmonk_temple_divided_pantheon
Gauntlet: gammafunk_gauntlet_77_escape_option
          [minmay_gauntlet_arena_77_radiant_squares,
          minmay_gauntlet_arena_77_shame_cube,
          minmay_gauntlet_arena_77_double_cross,
          minmay_gauntlet_arena_77_hold_the_fort,
          minmay_gauntlet_arena_77_braids, gauntlet_exit_hidden_loot]

Skill      XL: |  1  2  3  4  5  6  7  8  9 10 11 |
---------------+----------------------------------+-----
Spellcasting   | 5 6 7 8 |  8.6
Invocations    | 1 2 3 4 5 6 7 |  7.6
Short Blades   | 1 2 3 5 6 |  6.9
Long Blades    | 1 2 3 5 6 |  6.9
Axes           | 1 2 3 5 6 |  6.9
Maces & Flails | 1 2 3 5 6 |  6.9
Staves         | 1 2 3 5 6 |  6.9
Ranged Weapons | 1 2 3 5 6 |  6.9
Stealth        | 1 2 3 5 6 |  6.9
Shields        | 1 2 3 5 6 |  6.9
Unarmed Combat | 1 2 3 5 6 |  6.9
Evocations     | 1 2 3 5 6 |  6.9
Conjurations   | 1 2 3 4 5 |  5.7
Hexes          | 1 2 3 4 5 |  5.7
Summonings     | 1 2 3 4 5 |  5.7
Necromancy     | 1 2 3 4 5 |  5.7
Transmutations | 1 2 3 4 5 |  5.7
Fire Magic     | 1 2 3 4 5 |  5.7
Ice Magic      | 1 2 3 4 5 |  5.7
Air Magic      | 1 2 3 4 5 |  5.7
Earth Magic    | 1 2 3 4 5 |  5.7
Poison Magic   | 1 2 3 4 5 |  5.7
Throwing       | 3 4 5 6 7 |  7.6
Armour         | 3 4 5 6 7 |  7.4
Fighting       | 5 6 7 8 |  8.4
Polearms       | 5 6 7 8 |  8.4
Dodging        | 5 6 7 8 |  8.4
Translocations | 6 7 8 |  8.0

Action                   |  1- 3 |  4- 6 |  7- 9 | 10-12 || total
-------------------------+-------+-------+-------+-------++-------
Melee: Spear             |   143 |   141 |   725 |   975 ||  1984
       Bite              |    10 |    21 |   118 |   160 ||   309
       Punch             |     2 |     1 |     9 |       ||    12
       Hand axe          |       |    68 |       |       ||    68
       Unarmed           |       |     9 |       |       ||     9
Throw: Dart              |       |    19 |     7 |    16 ||    42
 Cast: Blink             |       |     4 |     4 |     2 ||    10
       Manifold Assault  |       |       |       |     3 ||     3
       Momentum Strike   |       |       |       |     1 ||     1
Invok: Bend Time         |       |       |       |     1 ||     1
Evoke: Wand              |       |     1 |     5 |     8 ||    14
  Use: Potion            |       |     4 |     2 |     4 ||    10
       Scroll            |       |     2 |     8 |     8 ||    18
 Stab: Sleeping          |     3 |       |       |       ||     3
       Confused          |       |     1 |       |       ||     1
       Distracted        |       |       |       |     1 ||     1
Armor: Leather armour    |    21 |    57 |       |       ||    78
       Skin              |       |     6 |       |       ||     6
       Chain mail        |       |       |   379 |   515 ||   894
Dodge: Dodged            |    62 |   148 |   245 |   588 ||  1043

Table legend: (Time is in decaauts)
 A = Elapsed time spent in this place.
 B = Non-inter-level travel time spent in this place.
 C = Inter-level travel time spent in this place.
 D = Time resting spent in this place.
 E = Time spent auto-exploring this place.
 F = Levels seen in this place.
 G = Mean time per level.
                   A        B        C        D        E       F      G
               +--------+--------+--------+--------+--------+-----+--------+
         Total |  12499 |  11814 |    685 |    681 |   8041 |  13 |  961.5 |
       Dungeon |  12009 |  11325 |    684 |    638 |   8035 |  11 | 1091.7 |
        Temple |     42 |     42 |      0 |      0 |      6 |   1 |   42.0 |
      Gauntlet |    447 |    447 |      0 |     43 |      0 |   1 |  447.0 |
               +--------+--------+--------+--------+--------+-----+--------+

Top non-repeatable levels by time:
    D:10: 1595 daAuts
     D:6: 1590 daAuts
     D:4: 1567 daAuts
     D:3: 1335 daAuts
     D:5: 1277 daAuts
     D:9: 1029 daAuts
     D:7: 1001 daAuts
     D:8: 993 daAuts
     D:1: 818 daAuts
     D:2: 633 daAuts
Gauntlet: 447 daAuts
    D:11: 168 daAuts
  Temple: 42 daAuts
